 Dungeon Crawl Stone Soup version 0.20.0-7-g3b7b877 (webtiles) character file.

39325 Goblin1989 the Basher (level 14, 0/75 HPs)
             Began as a Vine Stalker Fighter on May 29, 2017.
             Was a High Priest of Elyvilon.
             Killed by divine providence
             ... invoked by an orc priest
             ... led by an orc warlord
              (13 damage)
             ... on level 1 of the Orcish Mines.
             The game lasted 01:09:20 (15731 turns).

Goblin1989 the Basher (Vine Stalker Fighter)       Turns: 15731, Time: 01:09:21

Health: 0/75       AC: 17    Str: 23    XL:     14   Next: 6%
Magic:  0/30       EV:  9    Int:  8    God:    Elyvilon [*****.]
Gold:   879        SH: 12    Dex: 17    Spells: 9/13 levels left

rFire    . . .     SeeInvis .   a - +2 flail (venom)
rCold    + + +     Gourm    .   T - +0 shield
rNeg     . . .     Faith    .   n - +0 chain mail {MR+}
rPois    .         Spirit   +   A - +0 hat of Kesch {rC+ MR+ Stlth+}
rElec    .         Reflect  .   (no cloak)
rCorr    .         Harm     .   D - +1 pair of gloves
MR       +++..     Rnd*Rage +   J - +2 pair of boots
Stlth    ..........             r - amulet of regeneration
Regen    1.5/turn               S - ring of magical power
MPRegen  0.3/turn               c - ring of protection from cold

@: no status effects
A: fangs 3, thin skeletal structure 1, berserk 1, cold resistance 1, mutation
resistance 1, regeneration 2, magic shield, antimagic bite, no potion heal 3,
rot immunity, MP-powered wands
a: Lesser Healing, Heal Other, Purification, Greater Healing, Divine Vigour,
Divine Protection, Renounce Religion


You were on level 1 of the Orcish Mines.
You worshipped Elyvilon.
Elyvilon was extremely pleased with you.
You were not hungry.

You visited 4 branches of the dungeon, and saw 20 of its levels.
You also visited: Sewer.

You collected 1262 gold pieces.
You spent 383 gold pieces at shops.

Inventory:

Hand Weapons
 a - a +2 flail of venom (weapon)
 b - a +1 whip of flaming
 w - a +0 blowgun {@w1}
 R - a +0 whip of holy wrath
Missiles
 x - 51 poisoned needles
 Q - a curare-tipped needle
Armour
 n - a +0 chain mail of magic resistance (worn)
 y - a +0 plate armour
 z - a +1 scale mail of cold resistance
 A - the +0 hat of Kesch (worn) {rC+ MR+ Stlth+}
   (You found it on level 1 of the Orcish Mines)

   It protects you from cold.
   It affects your resistance to hostile enchantments.
   It makes you more stealthy.
 D - a +1 pair of gloves (worn)
 J - a +2 pair of boots (worn)
 T - a +0 shield (worn)
Jewellery
 c - a ring of protection from cold (right hand)
 f - a +1 ring of evasion
 l - an uncursed ring of flight
 r - an amulet of regeneration (around neck)
 S - a ring of magical power (left hand)
 V - an uncursed ring of fire
 W - an uncursed ring of protection from cold
Wands
 C - a wand of confusion (28/48)
 I - a wand of iceblast (0/15)
 K - a wand of acid (7/15)
 L - a wand of digging (12/24)
 P - a wand of paralysis (9/24)
Scrolls
 j - 7 scrolls of teleportation {!r, @r3}
 k - 3 scrolls of fog
 o - 11 scrolls of remove curse {@r2}
 q - 3 scrolls of enchant weapon {unknown}
 s - 3 scrolls of enchant armour {unknown}
 u - 4 scrolls of fear {unknown}
 v - 4 scrolls of blinking {unknown}
 E - 2 scrolls of immolation
 F - a scroll of recharging
 M - a scroll of magic mapping
Potions
 d - a potion of brilliance
 h - 2 potions of cancellation
 i - 5 potions of mutation {!q}
 m - 2 potions of invisibility
 p - 7 potions of lignification
 B - 3 potions of flight
 H - 2 potions of berserk rage
 N - 4 potions of curing {@q1}
 O - a potion of resistance
 U - a potion of might
 X - a potion of agility
Comestibles
 e - 8 bread rations {@e1}
 g - 6 chunks of flesh
 t - 15 fruits
 G - 10 meat rations {@e2}
 Y - 18 royal jellies


   Skills:
 + Level 9.5 Fighting
 * Level 12.7 Maces & Flails
 + Level 9.0 Armour
 + Level 3.2 Dodging
 + Level 9.6 Shields
 + Level 8.5 Invocations


You had 9 spell levels left.
You knew the following spells:

 Your Spells              Type           Power        Failure   Level  Hunger
j - Portal Projectile     Hex/Tloc       #.....       100%        3    ####...
B - Summon Butterflies    Summ           #.......     99%         1    ##.....


Dungeon Overview and Level Annotations

Branches:
Dungeon (12/15)            Temple (1/1) D:7            Lair (5/6) D:10
  Swamp (0/4) Lair:4        Snake (0/4) Lair:2          Orc (2/2) D:12
  Slime: Lair:5-6       Elf: Orc:2

Altars:
Ashenzari
Cheibriados
Dithmenos
Elyvilon
Fedhas
Gozag
Hepliaklqana
Kikubaaqudgha
Makhleb
Nemelex Xobeh
Okawaru
Qazlal
Ru
Sif Muna
Trog
Uskayaw
Vehumet
Xom
Yredelemnul
Zin
The Shining One

Shops:
D:6 ?   D:8 !

Annotations:
Lair:5 Kirke, Snorg


Innate Abilities, Weirdness & Mutations

You have razor-sharp teeth.
You heal very quickly.
When hurt, damage is shared between your health and your magic reserves.
Your bite disrupts and absorbs the magic of your enemies.
Potions cannot restore your health.
You are immune to rotting.
You have a somewhat thin skeletal structure. (Dex +2, Stealth)
You tend to lose your temper in combat.
Your flesh is cold resistant. (rC+)
You are somewhat resistant to further mutation.
You expend magic power (3 MP) to strengthen your wands.


Message History

There is a stone staircase leading down here.
Unknown command.
You sock the troll! Your bite misses the troll.
The troll is moderately wounded.
You block the orc's attack. The troll closely misses you.
You block the troll's attack. The troll claws you!
You take 4 damage, and have 70/75 hp.
You now have 27/30 mp.
You sock the troll!
The troll is severely wounded.
You regained 2 hp, and now have 72/75 hp.
You closely miss the troll. You bite the troll, but do no damage.
The troll is severely wounded.
The troll bites you but does no damage.
The troll claws you but does no damage. x2
You block the orc's attack.
You barely miss the troll. Your bite misses the troll.
The troll is severely wounded.
You block the troll's attack. x2; The troll claws you but does no damage.
The orc closely misses you.
You sock the troll! You bite the troll. You drain its power.
You feel invigorated.
You kill the troll!
The troll leather armour is intact enough to wear.
The orc hits you with a flail.
You take 2 damage, and have 72/75 hp.
You regained 2 mp, and now have 29/30 mp.
You hit the orc but do no damage.
The orc is poisoned.
You bite the orc. You drain its power.
You feel invigorated.
You kill the orc!
MP restored: 30 No target in view!
No target in view!
No target in view!
No target in view!
No target in view!
No target in view!
No target in view!
No target in view!
No target in view!
No target in view!
No target in view!
No target in view!
Unknown command.
HP restored.
You butcher the troll corpse.
g - 6 chunks of flesh (gained 5)
Things that are here:
a +0 troll leather armour; a dagger
Things that are here:
a +0 troll leather armour; a dagger; Health restored: 75
There is a stone staircase leading down here.
You climb downwards.
An orc and an orc knight come into view.
The orc knight shouts!
The orc shouts!
You block the warg's attack.
The orc priest mumbles some strange prayers to Beogh against you.
Beogh smites you! The orc hits you but does no damage.
The warg bites you but does no damage.
The orc knight roars a battlecry!
The orcs go into a battle-frenzy!
The orc priest barely misses you.
The orc warlord hits you with a long sword of electrocution!!!
You hear a shout! x2
There is a stone staircase leading up, spattered with blood here.
You take 41 damage, and have 34/75 hp.
MASSIVE DAMAGE!!
You now have 14/30 mp.
Unknown command.
The warg bites you!
* * * LOW HITPOINT WARNING * * *
The orc hits you but does no damage. The orc warrior closely misses you.
The warg bites you but does no damage. You block the ogre's attack.
The orc priest hits you but does no damage.
You climb upwards.
There is a stone staircase leading down here.
You take 3 damage, and have 31/75 hp.
You now have 11/30 mp.
The orc warlord hits you but does no damage.
You regained 2 hp, and now have 33/75 hp.
The orc warlord hits you with a long sword of electrocution!!
* * * LOW HITPOINT WARNING * * *
You are electrocuted!
* * * LOW HITPOINT WARNING * * *
You take 28 damage, and have 5/75 hp.
MASSIVE DAMAGE!!
You now have 2/30 mp.
You block the warg's attack.
You regained 2 hp, and now have 8/75 hp.
You are healed.
You feel quite a bit more hungry. You block the orc priest's attack.
The orc warlord barely misses you. The warg closely misses you.
You regained 19 hp, and now have 27/75 hp.
You now have 0/30 mp.
The orc priest invokes the aid of Beogh against you.
You resist with almost no effort.
You regained 2 hp, and now have 29/75 hp.
You hear a blaring wail to the west.
You block the warg's attack. The warg closely misses you.
You regained 2 hp, and now have 32/75 hp.
The orc warlord hits you with a long sword of electrocution!!
* * * LOW HITPOINT WARNING * * *
You take 20 damage, and have 12/75 hp.
MASSIVE DAMAGE!!
You now have 0/30 mp.
The orc priest invokes the aid of Beogh against you.
Beogh smites you!
You die... .......█...........█...██...██... ........[>..........█....█.████.█ ..........[..........█....██ ███ ..................█.███..██ █<...............████ ████

.█.............o...██
............█.o.o...█
.........█.....h█..██
..█............█@███
...██....██.█...█.█
..███.....████.███.█
████.....██ ███ █.█
██.████ █.█ ███ █.█
█.█ ██


You could see an orc warlord, a warg and an orc priest.

Vanquished Creatures
  A stone giant (D:9)
  The ghost of mopl the Cleaver, a journeyman MiWn of Ru (Lair:3)
  A hydra (D:12)
  5 two-headed ogres
  3 skeletal warriors (D:9)
  A deep troll (D:9)
  An unseen horror (D:11)
  Pikel (D:5)
  A harpy (D:9)
  3 ugly things
  2 deep elf magi (Orc:1)
  2 cyclopes
  2 black mambas
  A gargoyle (D:10)
  10 spiny frogs
  Psyche (D:8)
  A centaur skeleton (D:11)
  A rime drake (Lair:4)
  3 komodo dragons
  5 trolls
  10 hippogriffs
  4 blink frogs
  A shadow (D:12)
  32 yaks
  A vampire (D:11)
  A wraith (D:10)
  6 wyverns
  2 basilisks
  A hog (Lair:5)
  2 hungry ghosts
  A warg (Orc:1)
  An acid dragon (D:11)
  7 water moccasins
  Purgy (Sewer)
  3 black bears
  7 porcupines
  6 orc warriors
  A swamp drake (Orc:1)
  2 sky beasts
  2 phantoms
  3 ice beasts
  5 ogres
  A necrophage (D:10)
  7 crocodiles
  10 wolves
  9 centaurs
  3 big kobolds
  Blork the orc (D:6)
  13 bullfrogs
  4 scorpions
  8 howler monkeys
  13 wights
  5 electric eels
  2 centaur zombies
  3 quasits
  8 crimson imps
  A bullfrog zombie (D:7)
  An iron imp (Orc:1)
  7 orc priests
  3 hounds
  8 jellies
  14 orc wizards
  2 bullfrog skeletons
  6 hell rats
  7 worker ants
  A hound skeleton (D:4)
  A howler monkey zombie (D:11)
  3 gnolls (D:9)
  15 adders
  A howler monkey skeleton (D:5)
  3 shadow imps
  A white imp (Orc:1)
  A worker ant simulacrum (D:9)
  8 oozes
  An adder skeleton (D:7)
  A worm (D:2)
  2 dart slugs
  7 leopard geckos
  47 orcs
  4 giant cockroaches
  3 goblins (D:1)
  7 hobgoblins
  13 jackals
  26 kobolds
  3 ball pythons
  5 bats
  3 frilled lizards
  A jackal zombie (D:8)
  A quokka skeleton (D:4)
  6 rats
445 creatures vanquished.

Vanquished Creatures (others)
  A hungry ghost (D:12)
  An orc warrior (D:12)
  An eye of draining (D:12)
  A slave (D:5)
  An orc priest (D:12)
  2 orc wizards (D:12)
  An adder (D:5)
  4 orcs (D:12)
  A giant cockroach (D:5)
  5 plants (D:10)
18 creatures vanquished.

Grand Total: 463 creatures vanquished

Notes
Turn   | Place    | Note
-------+----------+-------------------------------------------
     0 | D:1      | Goblin1989 the Vine Stalker Fighter began the quest for the Orb.
     0 | D:1      | Reached XP level 1. HP: 11/11 MP: 2/2
   152 | D:1      | Reached XP level 2. HP: 16/16 MP: 3/3
   168 | D:1      | Reached skill level 2 in Maces & Flails
   611 | D:1      | Reached XP level 3. HP: 19/20 MP: 4/4
  1418 | D:2      | Gained mutation: Your natural rate of healing is unusually fast. [Vine Stalker growth]
  1418 | D:2      | Reached XP level 4. HP: 22/24 MP: 3/5
  1671 | D:3      | Noticed an ogre
  1705 | D:3      | Killed an ogre
  1705 | D:3      | Reached skill level 3 in Maces & Flails
  1705 | D:3      | Reached XP level 5. HP: 17/28 MP: 4/6
  1928 | D:3      | Found a sparkling altar of Nemelex Xobeh.
  1948 | D:3      | Reached XP level 6. HP: 33/33 MP: 7/7
  2552 | D:4      | Reached skill level 4 in Maces & Flails
  2564 | D:4      | Reached XP level 7. HP: 37/37 MP: 8/8
  2858 | D:4      | Found a shadowy altar of Dithmenos.
  2860 | D:4      | Found a white marble altar of Elyvilon.
  2928 | D:4      | Became a worshipper of Elyvilon the Healer
  3234 | D:5      | Entered Level 5 of the Dungeon
  3238 | D:5      | Noticed Pikel
  3242 | D:5      | Found a glowing drain.
  3251 | Sewer    | Entered a sewer
  3306 | Sewer    | Noticed Purgy
  3321 | Sewer    | Killed Purgy
  3366 | Sewer    | Learned a level 1 spell: Summon Butterflies
  3427 | D:5      | Killed Pikel
  3427 | D:5      | Reached skill level 5 in Maces & Flails
  3427 | D:5      | Gained mutation: You have razor-sharp teeth. [Vine Stalker growth]
  3427 | D:5      | Reached XP level 8. HP: 42/42 MP: 9/9
  3441 | D:5      | Reached * piety under Elyvilon
  3562 | D:5      | Reached skill level 5 in Fighting
  3658 | D:5      | Found a sparkling altar of Nemelex Xobeh.
  3659 | D:5      | Found a basalt altar of Yredelemnul.
  3660 | D:5      | Found a sacrificial altar of Ru.
  3672 | D:5      | Found a deep blue altar of Sif Muna.
  3782 | D:5      | Reached skill level 6 in Maces & Flails
  3782 | D:5      | Reached skill level 5 in Shields
  3902 | D:6      | Found Jokuem's Magic Scroll Emporium.
  3907 | D:6      | Bought a scroll of identify for 26 gold pieces
  3907 | D:6      | Bought a scroll of fog for 26 gold pieces
  3907 | D:6      | Bought a scroll of teleportation for 39 gold pieces
  3907 | D:6      | Bought a scroll of amnesia for 45 gold pieces
  3907 | D:6      | Bought a scroll of immolation for 45 gold pieces
  3907 | D:6      | Bought a scroll of identify for 26 gold pieces
  4052 | D:6      | Reached ** piety under Elyvilon
  4309 | D:6      | Noticed Blork the orc
  4324 | D:6      | Killed Blork the orc
  4324 | D:6      | Reached skill level 5 in Armour
  4480 | D:7      | Found a staircase to the Ecumenical Temple.
  4489 | Temple   | Entered the Ecumenical Temple
  4757 | D:7      | Reached XP level 9. HP: 27/47 MP: 6/10
  4953 | D:7      | Found a hide-covered altar of Uskayaw.
  5012 | D:7      | Reached *** piety under Elyvilon
  5344 | D:7      | Upgraded the game from 0.20.0-6-gd3061e9 to 0.20.0-7-g3b7b877
  5459 | D:8      | Noticed Psyche
  5474 | D:8      | Reached skill level 7 in Maces & Flails
  5474 | D:8      | Reached skill level 1 in Invocations
  5519 | D:8      | Killed Psyche
  5634 | D:8      | Found Taiblo Bavvy's Distillery.
  5657 | D:8      | Bought a potion of invisibility for 128 gold pieces
  5657 | D:8      | Bought a potion of lignification for 48 gold pieces
  5702 | D:8      | You fall through a shaft for 3 floors!
  5773 | D:11     | Reached **** piety under Elyvilon
  5854 | D:11     | Reached XP level 10. HP: 26/53 MP: 8/13
  5885 | D:11     | Reached skill level 8 in Maces & Flails
  6158 | D:10     | Entered Level 10 of the Dungeon
  6332 | D:10     | Noticed a gargoyle
  6358 | D:10     | Killed a gargoyle
  6465 | D:9      | Noticed a two-headed ogre
  6539 | D:9      | Killed a two-headed ogre
  6539 | D:9      | Reached skill level 9 in Maces & Flails
  6581 | D:8      | Noticed a two-headed ogre
  6585 | D:8      | Reached XP level 11. HP: 58/58 MP: 15/15
  6891 | D:8      | Killed a two-headed ogre
  6891 | D:8      | Reached skill level 5 in Invocations
  7262 | D:9      | Noticed a skeletal warrior
  7269 | D:9      | Noticed a skeletal warrior
  7281 | D:9      | Killed a skeletal warrior
  7291 | D:9      | Noticed a skeletal warrior
  7308 | D:9      | Found a shimmering altar of Xom.
  7308 | D:9      | Found a shimmering altar of Xom.
  7308 | D:9      | Found a shimmering altar of Xom.
  7308 | D:9      | Found a shimmering altar of Xom.
  7372 | D:9      | Found a shimmering altar of Xom.
  7375 | D:9      | You fall through a shaft for 2 floors!
  7692 | D:11     | Noticed a two-headed ogre
  7714 | D:11     | Killed a two-headed ogre
  7714 | D:11     | Reached skill level 10 in Maces & Flails
  8106 | D:11     | Noticed a cyclops
  8132 | D:11     | Killed a cyclops
  8169 | D:11     | Killed an unseen horror
  8295 | D:11     | Noticed a two-headed ogre
  8344 | D:11     | Killed a two-headed ogre
  8483 | D:11     | Noticed a purple ugly thing
  8501 | D:11     | Killed a purple ugly thing
  8505 | D:11     | Gained mutation: Your flesh is cold resistant. (rC+) [mutagenic meat]
  8506 | D:11     | Gained mutation: You expend magic power (3 MP) to strengthen your wands. [mutagenic meat]
  8507 | D:11     | Gained mutation: You have a somewhat thin skeletal structure. (Dex +2, Stealth) [mutagenic meat]
  8508 | D:11     | Gained mutation: You tend to lose your temper in combat. [mutagenic meat]
  8650 | D:10     | Gained mutation: You heal very quickly. [Vine Stalker growth]
  8650 | D:10     | Reached XP level 12. HP: 64/64 MP: 17/17
  9034 | D:10     | Found a staircase to the Lair.
  9598 | D:9      | Reached skill level 11 in Maces & Flails
  9741 | D:9      | Found a runed door.
  9891 | D:9      | Noticed a two-headed ogre
  9905 | D:9      | Killed a two-headed ogre
 10031 | D:9      | Noticed a stone giant
 10042 | D:9      | Killed a stone giant
 10060 | D:9      | Gained mutation: You are somewhat resistant to further mutation. [mutagenic meat]
 10209 | Lair:1   | Entered Level 1 of the Lair of Beasts
 10233 | Lair:1   | Noticed a seven-headed hydra
 10233 | Lair:1   | Pacified a seven-headed hydra
 10757 | Lair:2   | Reached XP level 13. HP: 69/69 MP: 19/19
 10798 | Lair:2   | Reached skill level 1 in Dodging
 10965 | Lair:2   | Found a staircase to the Snake Pit.
 11168 | Lair:2   | Reached ***** piety under Elyvilon
 11708 | Lair:3   | Noticed mopl's ghost (journeyman MiWn)
 11796 | Lair:2   | Reached skill level 12 in Maces & Flails
 12014 | Lair:3   | Killed mopl's ghost
 12381 | Lair:3   | Learned a level 3 spell: Portal Projectile
 13039 | Lair:4   | Found a staircase to the Swamp.
 13883 | Lair:5   | Noticed Snorg
 13901 | Lair:5   | Noticed Kirke
 14415 | D:12     | Reached ****** piety under Elyvilon
 14634 | D:12     | Got a faintly humming leather armour
 14942 | D:12     | Found a staircase to the Orcish Mines.
 15212 | Orc:1    | Entered Level 1 of the Orcish Mines
 15479 | Orc:1    | Reached XP level 14. HP: 75/75 MP: 21/21
 15540 | Orc:1    | Got a bloodstained hat
 15554 | Orc:1    | Identified the cursed +0 hat of Kesch {rC+ MR+ Stlth+} (You found it on level 1 of the Orcish Mines)
 15642 | Orc:2    | Entered Level 2 of the Orcish Mines
 15642 | Orc:2    | Noticed an orc warlord
 15731 | Orc:1    | Killed from afar by an orc priest

Skill      XL: |  1  2  3  4  5  6  7  8  9 10 11 12 13 14 |
---------------+-------------------------------------------+-----
Maces & Flails | 2 3 4 5 6 7 9 10 11 12 | 12.7
Fighting       | 3 4 5 6 7 8 9 |  9.5
Shields        | 3 4 5 6 7 8 9 |  9.6
Armour         | 3 4 5 6 7 8 9 |  9.0
Invocations    | 2 4 6 7 8 |  8.5
Dodging        | 3 |  3.2

Action                   |  1- 3 |  4- 6 |  7- 9 | 10-12 | 13-15 || total
-------------------------+-------+-------+-------+-------+-------++-------
Melee: Flail             |    94 |   103 |    94 |   110 |   539 ||   940
       Bite              |    27 |    33 |   127 |   396 |   237 ||   820
       Whip              |       |       |   304 |   790 |       ||  1094
 Fire: Blowgun           |       |     3 |     3 |    12 |       ||    18
Invok: Greater Healing   |       |       |       |     9 |     2 ||    11
       Heal Other        |       |       |       |     1 |     2 ||     3
Evoke: Wand              |       |       |       |     8 |     4 ||    12
  Use: Potion            |       |       |     1 |     3 |       ||     4
       Scroll            |       |       |     9 |     3 |     4 ||    16
 Stab: Invisible         |       |       |     1 |       |       ||     1
  Eat: Chunk             |     2 |     4 |    10 |    32 |    18 ||    66
Armor: Scale mail        |    63 |    13 |   159 |   110 |       ||   345
       Chain mail        |     5 |    40 |       |       |    41 ||    86
       Plate armour      |       |       |       |   238 |   246 ||   484
Dodge: Dodged            |    21 |    16 |   110 |   175 |   119 ||   441
Block: Shield            |    43 |    31 |   218 |   429 |   321 ||  1042

Vault maps used:
D:1:      scummos_arrival_hexagon
D:2:      minmay_splitting_lines
D:3:      nemelex_diamond_rough_becter
D:4:      chequers_temple_overflow_statue_of_worship
D:5:      nicolae_overflow_quartered_altars, portal_sewer_entry_f, first_bread,
          kennysheep_generic_room_8, uniq_pikel
D:6:      lemuel_upstairs_altar, serial_shops, shop_scrolls, uniq_blork_the_orc
D:7:      eat_drink_and_be_merry_uskayaw, temple_fountains
D:8:      serial_shops, shop, kennysheep_windowed_goal, uniq_psyche
D:9:      xom_redecorated, statue_in_the_mist_lemuel, minivault_13
D:10:     david_lair_shrubbed, hangedman_little_slice_of_home
D:12:     david_orc_4, uniq_nessos
Temple:   nicolae_temple_figure_eight
Lair:1:   minmay_hedge_maze, infiniplex_staircase_pool
Lair:2:   dummy_snake_entry, lemuel_fruit_tree, grunt_megastairs_2
Lair:3:   dpeg_oklob_shooting_range, minivault_26
Lair:4:   minmay_swamp_entry_eels, grunt_megastairs_3
Lair:5:   uniq_kirke, uniq_josephine, uniq_snorg
Orc:1:    basic_altar, serial_shops, hangedman_minor_magic, uniq_maurice
Orc:2:    st_orc_ogre_mass, serial_shops, shop
Sewer:    sewer_the_crocodile
